 Dungeon Crawl Stone Soup version 0.28-a0-998-gb9e9c7b67e (webtiles) character file.

Game seed: 17116344835958462861

2 vurker the Gusty (level 1, 0/7 HPs)
             Began as a Felid Air Elementalist on Dec 5, 2021.
             Killed from afar by a dart slug (3 damage)
             ... with a slug dart
             ... on level 1 of the Dungeon.
             The game lasted 00:00:16 (122 turns).

vurker the Gusty (Felid Air Elementalist)            Turns: 122, Time: 00:00:16

Health: 0/7        AC:  1    Str:  4    XL:     1   Next: 33%
Magic:  1/4        EV: 17    Int: 16    God:
Gold:   0          SH:  0    Dex: 16    Spells: 3/4 levels left
                                        Lives:  0   Deaths: 0

rFire   . . .      SeeInvis +   (weapon unavailable)
rCold   . . .      Faith    .   (shield unavailable)
rNeg    . . .      Spirit   .   (armour unavailable)
rPois   .          Reflect  .   (helmet unavailable)
rElec   .          Harm     .   (cloak unavailable)
rCorr   .          Rampage  .   (gloves unavailable)
Will    .....                   (boots unavailable)
Stlth   ++........              (no amulet)
HPRegen 0.02/turn               (no ring)
MPRegen 0.09/turn               (no ring)

@: quick
A: very small, claws 1, fangs 3, see invisible, speed 1, shaggy fur 1, stealthy
paws, no weapons or thrown items, no armour, multi-lived
a: no special abilities


You were on level 1 of the Dungeon.
You visited 1 branch of the dungeon, and saw 1 of its levels.

You aren't carrying anything.


   Skills:
 + Level 0.1 Fighting
 - Level 2.6 Dodging
 - Level 2.6 Stealth
 * Level 2.0 Spellcasting
 + Level 0.9 Conjurations
 * Level 2.7 Air Magic


You had 3 spell levels left.
You knew the following spells:

 Your Spells              Type           Power      Damage    Failure   Level
a - Shock                 Conj/Air       28%        1d4       10%         1

Your spell library contained the following spells:

 Spells                   Type           Power      Damage    Failure   Level
 Static Discharge         Conj/Air       7%         N/A       14%         2
 Swiftness                Air            10%        N/A       21%         3
 Airstrike                Air            5%         N/A       54%         4


Dungeon Overview and Level Annotations

Branches:
Dungeon (1/15)

Altars:


Innate Abilities, Weirdness & Mutations

You have sharp claws.
You have razor-sharp teeth.
You have supernaturally acute eyesight. (SInv)
You cover ground quickly. (Speed+)
You are covered in fur. (AC +1)
Your paws help you pounce on unaware monsters.
You are incapable of wielding weapons or throwing items.
You cannot wear armour.
You gain extra lives every three experience levels.


Message History

The zap hits the goblin.
You kill the goblin!
A hobgoblin comes into view.
You see here a rat corpse.
Aim: a hobgoblin (asleep, 100% to hit)
The zap hits the hobgoblin.
The hobgoblin shouts!
A hobgoblin is nearby!
A hobgoblin is nearby!
Aim: a hobgoblin (severely wounded, 68% to hit)
The zap misses the hobgoblin.
A hobgoblin is nearby!
Aim: a hobgoblin (severely wounded, 68% to hit)
The zap hits the hobgoblin.
You kill the hobgoblin!
A dart slug comes into view.
Aim: a dart slug (asleep, 100% to hit)
The zap hits the dart slug.
A dart slug is nearby!
Aim: a dart slug (heavily wounded, 100% to hit)
The zap hits the dart slug.
A dart slug is nearby!
A dart slug is nearby!
Aim: a dart slug (severely wounded, 100% to hit)
You miscast Shock.
You are very lightly contaminated with residual magic.
Nothing appears to happen.
A dart slug is nearby!
Aim: a dart slug (severely wounded, 100% to hit)
You miscast Shock.
Nothing appears to happen.
A dart slug is nearby!
You don't have enough magic to cast this spell.
A dart slug is nearby!
You don't have enough magic to cast this spell.
A gnoll comes into view. It is wielding a +0 flail.
The dart slug launches a dart at you. The slug dart hits you.
Ouch! That really hurt!
* * * LOW HITPOINT WARNING * * *
The dart slug launches a dart at you. The slug dart misses you.
Aim: a dart slug (heavily wounded, 100% to hit)
The zap hits the dart slug.
Your magical contamination has completely faded away.
A dart slug is nearby!
You are too injured to fight recklessly!
You are too injured to fight recklessly!
The dart slug launches a dart at you. The slug dart hits you.
You die...

.# ..# #.#
##################.#
...#..#.....#..#)#.#
#..#..#..#..#..#.#.#####
.......................#
#.....#..#..#..#.w..†..#
#.....#........†@#.....#
#..<.....#..#....#.....###
##################........
##........ #.........
#..###.... #w.# ....
#.......... ......##....


You could see a dart slug.

Vanquished Creatures
  A hobgoblin (D:1)
  A goblin (D:1)
  A rat (D:1)
3 creatures vanquished.

Notes
Turn   | Place    | Note
-------+----------+-------------------------------------------
     0 | D:1      | vurker the Felid Air Elementalist began the quest for the
                  | Orb.
     0 | D:1      | Reached XP level 1. HP: 7/7 MP: 4/4
   122 | D:1      | Killed from afar by a dart slug

Illustrated notes

Levels and vault maps discovered:
D:1:      dpeg_arrival_ternary, layout_basic

Action                   || total
-------------------------++-------
 Cast: Shock             ||    10
Dodge: Dodged            ||     1

Table legend: (Time is in decaauts)
 A = Elapsed time spent in this place.
 B = Non-inter-level travel time spent in this place.
 C = Inter-level travel time spent in this place.
 D = Time resting spent in this place.
 E = Time spent auto-exploring this place.
 F = Levels seen in this place.
 G = Mean time per level.
                   A        B        C        D        E       F      G
               +--------+--------+--------+--------+--------+-----+--------+
         Total |    115 |    115 |      0 |      0 |     91 |   1 |  115.0 |
       Dungeon |    115 |    115 |      0 |      0 |     91 |   1 |  115.0 |
               +--------+--------+--------+--------+--------+-----+--------+

Top non-repeatable levels by time:
     D:1: 115 daAuts
